 Dungeon Crawl Stone Soup version 0.26-a0-21-gf97e55dc39 (webtiles) character file.

Game seed: 7118359628367513123, levelgen mode: deterministic

13365 MordorOrchid the Reanimator (level 12, -7/89 HPs)
             Began as a Gnoll Necromancer on May 25, 2020.
             Was an Elder of Cheibriados.
             Engulfed by a cloud of freezing vapour (17 damage)
             ... in an ice cave on May 26, 2020.
             The game lasted 01:13:15 (7690 turns).

MordorOrchid the Reanimator (Gnoll Necromancer)     Turns: 7690, Time: 01:13:15

Health: -7/89      AC: 15    Str: 21    XL:     12   Next: 5%
Magic:  32/34      EV: 23    Int: 37    God:    Cheibriados [****..]
Gold:   571        SH:  8    Dex: 29    Spells: 8/28 levels left

rFire    . . .     SeeInvis .   y - +2 short sword (protect)
rCold    + . .     Gourm    .   v - +0 buckler
rNeg     . . .     Faith    .   Z - +1 chain mail {rC+}
rPois    .         Spirit   .   k - +3 hat of Pondering {ponderous, MR+ MP+10 Int+5}
rElec    .         Reflect  .   (no cloak)
rCorr    .         Harm     .   W - +0 pair of fencer's gloves {Riposte Dex+3}
MR       +....                  (no boots)
Stlth    ++........             (no amulet)
HPRegen  0.24/turn              z - +4 ring of evasion
MPRegen  0.24/turn              b - +4 ring of evasion

@: very slow
A: distributed training, fangs 1, strong nose
a: Bend Time, Temporal Distortion, Slouch, Renounce Religion


You were in an ice cave.
You worshipped Cheibriados.
Cheibriados was greatly pleased with you.
You were not hungry.

You visited 3 branches of the dungeon, and saw 13 of its levels.
You also visited: Ice Cave.

You collected 655 gold pieces.
You spent 84 gold pieces at shops.

Inventory:

Hand Weapons
 a - a +2 falchion of holy wrath
 g - the +5 flail "Lepruaph" {venom, Str+6, unknown}
   (You found it on level 10 of the Dungeon)

   It poisons the flesh of those it strikes.
   It affects your strength (+6).
 j - a +0 hunting sling
 y - a +2 short sword of protection (weapon)
Missiles
 e - 143 arrows
 i - 58 bolts
 n - 27 poisoned darts
 N - 73 sling bullets
 T - 4 boomerangs (quivered)
Armour
 k - the +3 hat of Pondering (worn) {ponderous, MR+ MP+10 Int+5}
   (You took it off Gastronok on level 1 of the Lair of Beasts)

   It affects your intelligence (+5).
   It affects your resistance to hostile enchantments.
   It affects your magic capacity (+10).
 v - a +0 buckler (worn)
 W - the +0 pair of fencer's gloves (worn) {Riposte Dex+3}
   (You found it on level 11 of the Dungeon)

   It affects your dexterity (+3).
 Z - a +1 chain mail of cold resistance (worn)
Jewellery
 b - a +4 ring of evasion (right hand)
 h - an uncursed ring of fire
 z - a +4 ring of evasion (left hand)
Wands
 s - a wand of polymorph (1)
 Q - a wand of iceblast (7)
 S - a wand of acid (16)
Scrolls
 d - 4 scrolls of remove curse
 o - 2 scrolls of immolation
 t - 8 scrolls of teleportation
 B - a scroll of magic mapping
 C - 3 scrolls of fog
 D - a scroll of fear
 F - a scroll of random uselessness {unknown}
 G - a scroll of summoning {unknown}
 J - a scroll of enchant weapon {unknown}
 O - a scroll of blinking {unknown}
 R - 2 scrolls of noise
 V - a scroll of torment {unknown}
Potions
 l - 3 potions of flight
 p - 3 potions of heal wounds
 q - 2 potions of resistance
 r - 2 potions of curing
 u - 2 potions of brilliance
 A - a potion of lignification
 U - 2 potions of invisibility {unknown}
 Y - a potion of magic {unknown}
Comestibles
 c - 31 rations
 m - 3 chunks of flesh


   Skills:
 + Level 6.7 Fighting
 + Level 6.7 Short Blades
 + Level 6.7 Long Blades
 + Level 6.7 Axes
 + Level 6.7 Maces & Flails
 + Level 6.7 Polearms
 + Level 6.7 Staves
 + Level 6.7 Slings
 + Level 6.7 Bows
 + Level 6.7 Crossbows
 + Level 6.7 Throwing
 + Level 6.7 Armour
 + Level 8.2 Dodging
 + Level 8.0 Stealth
 + Level 6.7 Shields
 + Level 6.7 Unarmed Combat
 + Level 8.5 Spellcasting
 + Level 5.6 Conjurations
 + Level 5.6 Hexes
 + Level 5.6 Charms
 + Level 5.6 Summonings
 + Level 9.1 Necromancy
 + Level 5.6 Translocations
 + Level 5.6 Transmutations
 + Level 5.6 Fire Magic
 + Level 5.6 Ice Magic
 + Level 5.6 Air Magic
 + Level 5.6 Earth Magic
 + Level 5.6 Poison Magic
 + Level 7.4 Invocations
 + Level 6.7 Evocations


You had 8 spell levels left.
You knew the following spells:

 Your Spells              Type           Power        Failure   Level  Hunger
a - Pain                  Necr           ####         1%          1    None
d - Tukima's Dance        Hex            ######..     6%          3    None
e - Agony                 Necr           ######..     13%         5    ###....
u - Animate Skeleton      Necr           N/A          1%          1    None
v - Vampiric Draining     Necr           ######....   1%          3    None
A - Confusing Touch       Hex            ######..     6%          3    None
U - Animate Dead          Necr           N/A          4%          4    None

Your spell library contained the following spells:

 Spells                   Type           Power        Failure   Level  Hunger
 Corona                   Hex            ######.      1%          1    None
 Ensorcelled Hibernation  Hex/Ice        ######       3%          2    None
 Dazzling Flash           Conj/Hex       ######       6%          3    None


Dungeon Overview and Level Annotations

Branches:
Dungeon (11/15)            Temple (1/1) D:4            Lair (1/6) D:9
    Orc (0/2) D:10          IceCv (1/1)

Altars:
Ashenzari
Cheibriados
Dithmenos
Elyvilon
Gozag
Hepliaklqana
Kikubaaqudgha
Makhleb
Nemelex Xobeh
Okawaru
Qazlal
Ru
Sif Muna
Trog
Uskayaw
Vehumet
Wu Jian
Xom
Yredelemnul
Zin
The Shining One
Beogh

Shops:
D:6 *

Annotations:
D:9 3 runed translucent doors, ohados's ghost, novice OpTm


Innate Abilities, Weirdness & Mutations

Your experience applies equally to all skills.
You have very sharp teeth.
Your uncanny sense of smell can sniff out nearby items.


Message History

You see here a chunk of flesh.
You swap places.
You see here 5 chunks of flesh.
You are engulfed in freezing vapours.
You resist.
Your wolf skeleton is engulfed in freezing vapours. x2
Your yak skeleton is engulfed in freezing vapours.
You are engulfed in freezing vapours.
You resist.
Your wolf skeleton is engulfed in freezing vapours. x2
Your yak skeleton is engulfed in freezing vapours.
Your polar bear skeleton is engulfed in freezing vapours.
Your wolf skeleton is engulfed in freezing vapours.
Your yak skeleton is engulfed in freezing vapours.
You are engulfed in freezing vapours.
You resist.
* * * LOW HITPOINT WARNING * * *
Your wolf skeleton is engulfed in freezing vapours.
Your polar bear skeleton is engulfed in freezing vapours.
Your wolf skeleton is engulfed in freezing vapours.
Found 46 gold pieces.
You are engulfed in freezing vapours.
You resist.
You die...

#..##
##.##
##.○### #
∆ ##..##$
$#
##°.##≈#$#
#..Z°#.. ∆
##.Z#.#
##.☼##
##.@#
#...#
##..# ...#
..## ####


You could see a friendly wolf skeleton and a friendly yak skeleton.

Vanquished Creatures
  Gastronok (Lair:1)
  The ghost of Saltbearer the Frost Mage, a journeyman BaIE of Sif Muna (D:10)
  A deep elf mage (D:9)
  2 centaur zombies
  A troll (D:10)
  2 polar bears (IceCv)
  2 hippogriffs
  A centaur simulacrum (D:10)
  A vampire (D:10)
  19 yaks
  A wyvern (D:9)
  2 wraiths
  A hungry ghost (D:8)
  2 wargs (D:9)
  A water moccasin (D:9)
  A porcupine (Lair:1)
  7 orc warriors
  9 ice beasts
  A sky beast (D:9)
  A necrophage (D:7)
  4 ogres
  2 wolves (IceCv)
  2 centaurs
  A big kobold (D:9)
  7 bullfrogs
  A gnoll sergeant (D:10)
  2 wyvern skeletons
  A water moccasin skeleton (D:10)
  2 scorpions
  4 killer bees
  4 jellies
  2 quasits
  10 orc priests
  5 hounds
  10 orc wizards
  2 iguanas
  Ijyb (D:4)
  10 worker ants
  Natasha (thrice) (D:4)
  A howler monkey zombie (D:8)
  10 gnolls
  8 adders
  A shadow imp (D:6)
  3 white imps (D:10)
  An adder skeleton (D:4)
  An adder zombie (D:10)
  A worm (D:5)
  A dart slug (D:1)
  6 leopard geckos
  37 orcs
  5 bats
  5 giant cockroaches
  11 goblins
  7 hobgoblins
  19 jackals
  5 quokkas
  3 ball pythons
  6 frilled lizards
  A jackal zombie (D:5)
  9 kobolds
  A leopard gecko skeleton (D:4)
  7 rats
279 creatures vanquished.

Vanquished Creatures (collateral kills)
  A merfolk (D:9)
  A troll (D:9)
  A hungry ghost (D:9)
  An orc warrior (D:9)
  A sky beast (D:9)
  An ice beast (D:10)
  An eye of draining (D:9)
  2 ogres
  A bullfrog (D:7)
  A killer bee (D:8)
  A crimson imp (D:9)
  An orc priest (D:9)
  An orc wizard (D:9)
  An iguana (D:8)
  2 gnolls (D:4)
  A shadow imp (D:7)
  A worker ant simulacrum (D:10)
  A dart slug (D:2)
  8 orcs
  A goblin (D:1)
  3 jackals
  2 bats (D:1)
  A kobold (D:9)
35 creatures vanquished.

Vanquished Creatures (others)
  A fungus (Lair:1)
1 creature vanquished.

Grand Total: 315 creatures vanquished

Notes
Turn   | Place    | Note
-------+----------+-------------------------------------------
     0 | D:1      | MordorOrchid the Gnoll Necromancer began the quest for the
                  | Orb.
     0 | D:1      | Reached XP level 1. HP: 13/13 MP: 6/6
    32 | D:1      | Learned a level 1 spell: Animate Skeleton
   179 | D:1      | Reached XP level 2. HP: 16/19 MP: 2/7
   584 | D:1      | Reached XP level 3. HP: 23/25 MP: 5/9
   595 | D:1      | Reached skill level 5 in Spellcasting
   690 | D:1      | Learned a level 3 spell: Vampiric Draining
   828 | D:2      | Reached skill level 1 in Invocations
   834 | D:2      | Reached skill level 1 in Fighting
   834 | D:2      | Reached skill level 1 in Short Blades
   834 | D:2      | Reached skill level 1 in Long Blades
   834 | D:2      | Reached skill level 1 in Axes
   834 | D:2      | Reached skill level 1 in Maces & Flails
   834 | D:2      | Reached skill level 1 in Polearms
   834 | D:2      | Reached skill level 1 in Staves
   834 | D:2      | Reached skill level 1 in Slings
   834 | D:2      | Reached skill level 1 in Bows
   834 | D:2      | Reached skill level 1 in Crossbows
   834 | D:2      | Reached skill level 1 in Throwing
   834 | D:2      | Reached skill level 1 in Armour
   834 | D:2      | Reached skill level 1 in Shields
   834 | D:2      | Reached skill level 1 in Unarmed Combat
   834 | D:2      | Reached skill level 1 in Evocations
   834 | D:2      | Reached XP level 4. HP: 24/32 MP: 4/11
  1050 | D:2      | Learned a level 4 spell: Animate Dead
  1334 | D:3      | Reached skill level 1 in Conjurations
  1334 | D:3      | Reached skill level 1 in Hexes
  1334 | D:3      | Reached skill level 1 in Charms
  1334 | D:3      | Reached skill level 1 in Summonings
  1334 | D:3      | Reached skill level 1 in Translocations
  1334 | D:3      | Reached skill level 1 in Transmutations
  1334 | D:3      | Reached skill level 1 in Fire Magic
  1334 | D:3      | Reached skill level 1 in Ice Magic
  1334 | D:3      | Reached skill level 1 in Air Magic
  1334 | D:3      | Reached skill level 1 in Earth Magic
  1334 | D:3      | Reached skill level 1 in Poison Magic
  1542 | D:3      | Found a stormy altar of Qazlal.
  1640 | D:3      | Reached XP level 5. HP: 37/37 MP: 12/12
  1883 | D:4      | Noticed Ijyb
  2084 | D:4      | Noticed Natasha
  2098 | D:4      | Reached XP level 6. HP: 44/44 MP: 11/13
  2103 | D:4      | Killed Natasha
  2239 | D:4      | Reached skill level 5 in Dodging
  2491 | D:4      | Found a staircase to the Ecumenical Temple.
  2544 | Temple   | Entered the Ecumenical Temple
  2581 | Temple   | Became a worshipper of Cheibriados the Contemplative
  2612 | D:4      | Noticed Natasha
  2621 | D:4      | Killed Natasha
  2659 | D:4      | Reached XP level 7. HP: 39/50 MP: 2/15
  2771 | D:4      | Noticed Natasha
  2780 | D:4      | Killed Natasha
  2789 | D:5      | Entered Level 5 of the Dungeon
  2838 | D:5      | Learned a level 5 spell: Agony
  2956 | D:4      | Killed Ijyb
  3284 | D:6      | Reached skill level 5 in Stealth
  3318 | D:6      | Reached * piety under Cheibriados
  3333 | D:6      | Learned a level 3 spell: Confusing Touch
  3421 | D:6      | Reached XP level 8. HP: 52/57 MP: 16/16
  3715 | D:6      | Found Hecuuro's General Store.
  3720 | D:6      | Bought a potion of degeneration for 14 gold pieces
  3721 | D:6      | Bought a scroll of identify for 28 gold pieces
  3721 | D:6      | Bought a potion of curing for 42 gold pieces
  4154 | D:7      | Reached XP level 9. HP: 57/65 MP: 15/18
  4448 | D:8      | You fall into a shaft and drop 3 floors!
  4510 | D:11     | Noticed a seven-headed hydra
  4693 | D:11     | Found the +0 pair of fencer's gloves {Riposte Dex+3}
  4698 | D:11     | Reached skill level 8 in Necromancy
  4762 | D:10     | Entered Level 10 of the Dungeon
  4771 | D:10     | Reached ** piety under Cheibriados
  4925 | D:9      | Reached skill level 5 in Invocations
  4997 | D:9      | Noticed a merfolk
  5010 | D:9      | Killed a merfolk
  5037 | D:9      | Reached XP level 10. HP: 53/73 MP: 12/20
  5219 | D:9      | Noticed a deep elf mage
  5230 | D:9      | Killed a deep elf mage
  5230 | D:9      | Reached skill level 5 in Fighting
  5230 | D:9      | Reached skill level 5 in Short Blades
  5230 | D:9      | Reached skill level 5 in Long Blades
  5230 | D:9      | Reached skill level 5 in Axes
  5230 | D:9      | Reached skill level 5 in Maces & Flails
  5230 | D:9      | Reached skill level 5 in Polearms
  5230 | D:9      | Reached skill level 5 in Staves
  5230 | D:9      | Reached skill level 5 in Slings
  5230 | D:9      | Reached skill level 5 in Bows
  5230 | D:9      | Reached skill level 5 in Crossbows
  5230 | D:9      | Reached skill level 5 in Throwing
  5230 | D:9      | Reached skill level 5 in Armour
  5230 | D:9      | Reached skill level 5 in Shields
  5230 | D:9      | Reached skill level 5 in Unarmed Combat
  5230 | D:9      | Reached skill level 5 in Evocations
  5281 | D:9      | Reached *** piety under Cheibriados
  5355 | D:9      | Found a staircase to the Lair.
  5629 | D:9      | Found a runed translucent gate.
  5629 | D:9      | Found a runed translucent gate.
  5629 | D:9      | Found a runed translucent gate.
  5629 | D:9      | Noticed ohados's ghost (novice OpTm)
  5912 | D:8      | Reached **** piety under Cheibriados
  6110 | D:9      | Upgraded the game from 0.26-a0-18-g135ff06667 to
                  | 0.26-a0-21-gf97e55dc39
  6315 | D:10     | Reached XP level 11. HP: 81/81 MP: 22/22
  6410 | D:10     | Found a staircase to the Orcish Mines.
  6434 | D:10     | Found a roughly hewn altar of Beogh.
  6627 | D:10     | Reached skill level 5 in Conjurations
  6627 | D:10     | Reached skill level 5 in Hexes
  6627 | D:10     | Reached skill level 5 in Charms
  6627 | D:10     | Reached skill level 5 in Summonings
  6627 | D:10     | Reached skill level 5 in Translocations
  6627 | D:10     | Reached skill level 5 in Transmutations
  6627 | D:10     | Reached skill level 5 in Fire Magic
  6627 | D:10     | Reached skill level 5 in Ice Magic
  6627 | D:10     | Reached skill level 5 in Air Magic
  6627 | D:10     | Reached skill level 5 in Earth Magic
  6627 | D:10     | Reached skill level 5 in Poison Magic
  6697 | D:10     | Reached ***** piety under Cheibriados
  6734 | D:10     | Found a runed translucent gate.
  6734 | D:10     | Found a runed translucent gate.
  6734 | D:10     | Found a runed translucent gate.
  6828 | D:10     | Noticed Saltbearer's ghost (journeyman BaIE)
  7063 | D:10     | Killed Saltbearer's ghost
  7119 | D:10     | Got a warped flail
  7211 | D:10     | Learned a level 3 spell: Tukima's Dance
  7277 | D:11     | Reached skill level 9 in Necromancy
  7369 | D:11     | Noticed a death knight
  7493 | Lair:1   | Entered Level 1 of the Lair of Beasts
  7499 | Lair:1   | Noticed Gastronok
  7513 | Lair:1   | Killed Gastronok
  7605 | Lair:1   | Found a frozen archway.
  7629 | IceCv    | Entered an ice cave
  7640 | IceCv    | Reached XP level 12. HP: 87/89 MP: 24/24
  7690 | IceCv    | Engulfed by a cloud of freezing vapour

Illustrated notes

Levels and vault maps discovered:
D:1:      dpeg_arrival_concentric_ovals, layout_basic, minmay_heptomino_d4
D:2:      layout_basic, minmay_pentomino_pile
D:3:      layout_loops_ring, lemuel_doored_altar
D:4:      layout_rooms, minmay_temple_entry_statues_pillars,
          hangedman_glass_teeth, dk_noncrumbling_2, uniq_ijyb, uniq_natasha
D:5:      layout_basic, first_ration, chequers_serial_rivers_small_3
D:6:      layout_basic, serial_shops, shop
D:7:      layout_rooms
D:8:      layout_rooms
D:9:      layout_stronghold, erik_lair_orcish_takeover,
          ebering_ghost_rock_garden, hangedman_fish_farm
D:10:     layout_roguey, minmay_orc_entry_temple_small, gammafunk_ghost_icy
D:11:     layout_layer_cave
Temple:   dpeg_three_leaves_temple
Lair:1:   layout_roguey, portal_ice_cave_entry_pillars_1, uniq_sonja,
          uniq_gastronok, uniq_grum
IceCv:    ice_cave_caverns_02

Skill      XL: |  1  2  3  4  5  6  7  8  9 10 11 |
---------------+----------------------------------+-----
Spellcasting   | 5 6 7 8 |  8.5
Invocations    | 1 2 3 4 5 6 7 |  7.4
Fighting       | 1 2 3 4 5 6 |  6.7
Short Blades   | 1 2 3 4 5 6 |  6.7
Long Blades    | 1 2 3 4 5 6 |  6.7
Axes           | 1 2 3 4 5 6 |  6.7
Maces & Flails | 1 2 3 4 5 6 |  6.7
Polearms       | 1 2 3 4 5 6 |  6.7
Staves         | 1 2 3 4 5 6 |  6.7
Slings         | 1 2 3 4 5 6 |  6.7
Bows           | 1 2 3 4 5 6 |  6.7
Crossbows      | 1 2 3 4 5 6 |  6.7
Throwing       | 1 2 3 4 5 6 |  6.7
Armour         | 1 2 3 4 5 6 |  6.7
Shields        | 1 2 3 4 5 6 |  6.7
Unarmed Combat | 1 2 3 4 5 6 |  6.7
Evocations     | 1 2 3 4 5 6 |  6.7
Conjurations   | 1 2 3 4 5 |  5.6
Hexes          | 1 2 3 4 5 |  5.6
Charms         | 1 2 3 4 5 |  5.6
Summonings     | 1 2 3 4 5 |  5.6
Translocations | 1 2 3 4 5 |  5.6
Transmutations | 1 2 3 4 5 |  5.6
Fire Magic     | 1 2 3 4 5 |  5.6
Ice Magic      | 1 2 3 4 5 |  5.6
Air Magic      | 1 2 3 4 5 |  5.6
Earth Magic    | 1 2 3 4 5 |  5.6
Poison Magic   | 1 2 3 4 5 |  5.6
Dodging        | 5 6 7 8 |  8.2
Stealth        | 5 6 7 8 |  8.0
Necromancy     | 8 9 |  9.1

Action                   |  1- 3 |  4- 6 |  7- 9 | 10-12 || total
-------------------------+-------+-------+-------+-------++-------
Melee: Short sword       |    13 |    43 |    11 |    30 ||    97
       Dagger            |     1 |       |       |       ||     1
       Bite              |       |     2 |    39 |   123 ||   164
       Falchion          |       |       |   198 |   370 ||   568
 Fire: Hunting sling     |       |       |    13 |     4 ||    17
Throw: Dart              |       |    18 |    18 |    14 ||    50
       Boomerang         |       |       |    10 |    12 ||    22
 Cast: Pain              |    38 |    86 |    79 |    33 ||   236
       Animate Skeleton  |    16 |    26 |    25 |    52 ||   119
       Vampiric Draining |       |     2 |    14 |    26 ||    42
       Animate Dead      |       |       |       |     2 ||     2
       Agony             |       |       |       |     1 ||     1
Invok: Bend Time         |       |       |    12 |    13 ||    25
       Slouch            |       |       |       |     2 ||     2
Evoke: Wand              |       |       |    11 |    24 ||    35
  Use: Scroll            |       |     6 |     6 |     6 ||    18
       Potion            |       |     2 |     2 |     5 ||     9
 Stab: Sleeping          |     9 |     9 |     4 |     4 ||    26
       Distracted        |       |       |     1 |     6 ||     7
  Eat: Chunk             |       |     6 |     6 |     8 ||    20
Armor: Robe              |     2 |     4 |       |       ||     6
       Leather armour    |       |     3 |     7 |       ||    10
       Scale mail        |       |       |    32 |    53 ||    85
       Chain mail        |       |       |       |    26 ||    26
       Skin              |       |       |       |    13 ||    13
Dodge: Dodged            |    15 |    46 |   168 |   314 ||   543
Block: Buckler           |       |    11 |    51 |   130 ||   192
       Rpst.: Falchion   |       |       |    57 |   182 ||   239
       Short sword       |       |       |       |     5 ||     5

Table legend:
 A = Non-vault XP
 B = Vault XP
 C = Vault XP percentage of total XP
 D = Non-vault monster count
 E = Vault monster count
 F = Vault count percentage of total count
                 A         B        C        D         E       F
            +---------+---------+-------+---------+---------+-------
      Total |   12351 |    6742 |  35.3 |     268 |      46 |  14.6
            +---------+---------+-------+---------+---------+-------
        D:1 |      39 |       6 |  13.3 |      26 |       3 |  10.3
        D:2 |      69 |       5 |   6.8 |      18 |       3 |  14.3
        D:3 |     101 |       0 |   0.0 |      24 |       0 |   0.0
        D:4 |     444 |      71 |  13.8 |      28 |       2 |   6.7
        D:5 |     228 |       0 |   0.0 |      12 |       0 |   0.0
        D:6 |     865 |       0 |   0.0 |      22 |       0 |   0.0
        D:7 |     939 |       0 |   0.0 |      13 |       0 |   0.0
        D:8 |     889 |       0 |   0.0 |      21 |       0 |   0.0
        D:9 |    3354 |     878 |  20.7 |      36 |      10 |  21.7
       D:10 |    3604 |    2181 |  37.7 |      50 |      18 |  26.5
       D:11 |    1682 |       0 |   0.0 |      17 |       0 |   0.0
     Lair:1 |     137 |    2328 |  94.4 |       1 |       1 |  50.0
      IceCv |       0 |    1273 | 100.0 |       0 |       9 | 100.0
            +---------+---------+-------+---------+---------+-------
